 Dungeon Crawl Stone Soup version 0.17-a0-995-gb5fa8d7 (webtiles) character file.

71 ololoev the Ruffian (level 4, -3/36 HPs)
             Began as a Ghoul Warper on May 12, 2015.
             Slain by an orc
             ... wielding a +0 hand axe
              (4 damage)
             ... on level 2 of the Dungeon.
             The game lasted 00:05:18 (1545 turns).

ololoev the Ruffian (Ghoul Warper)                  Turns: 1545, Time: 00:05:18

Health: -3/36      AC:  3    Str: 15    XL:     4   Next: 24%
Magic:  5/5        EV: 11    Int:  8    God:
Gold:   76         SH:  0    Dex:  8    Spells: 1 memorised, 5 levels left

rFire  . . .     SeeInvis .       - Unarmed
rCold  + . .     Clarity  .     a - +0 leather armour
rNeg   + + +     SustAb   .     (no shield)
rPois  ∞         Gourm    .     (no helmet)
rElec  .         Spirit   .     (no cloak)
rCorr  .         Warding  .     (no gloves)
rMut   .         Stasis   .     (no boots)
MR     .....                    (no amulet)
Stlth  +.........               (no ring)
                                (no ring)

@: rotting, not resistant to hostile enchantments, very unstealthy
A: rotting body, claws 1, carnivore 3, cold resistance 1, negative energy
resistance 3, slow healing 1, torment resistance, unbreathing
a: no special abilities


Innate Abilities, Weirdness & Mutations

Your body is rotting away.
You thrive on raw meat.
You are immune to poison.
You have sharp fingernails.
You are carnivorous and can eat meat at any time.
Your flesh is cold resistant.
You are immune to negative energy.
You heal slowly when monsters are visible.
You are immune to unholy pain and torment.
You can survive without breathing.

Inventory:

Missiles
 d - 5 tomahawks of dispersal (quivered)
 l - 3 tomahawks
Armour
 a - a +0 leather armour (worn)
Jewellery
 r - an uncursed ring of teleportation
Scrolls
 c - a scroll of blinking
 f - a scroll of remove curse
 j - a scroll of random uselessness {unknown}
 m - a scroll of magic mapping {unknown}
 n - a scroll of fear {unknown}
 o - a scroll of enchant weapon {unknown}
 q - a scroll of amnesia {unknown}
Potions
 g - a potion of haste
 h - a potion of cancellation
 p - 3 potions of curing
Books
 b - a book of Spatial Translocations

   Spells                             Type                      Level
   a - Apportation                    Translocation                1
   b - Blink                          Translocation                2
   c - Shroud of Golubria             Charms/Translocation         2
   d - Portal Projectile              Translocation                3
   e - Teleport Other                 Translocation                3
   f - Passage of Golubria            Translocation                4
Comestibles
 e - 2 meat rations
 i - a slice of pizza
 k - 5 chunks of flesh


   Skills:
 - Level 2.1 Fighting
 - Level 0.8 Throwing
 + Level 1.9 Armour
 - Level 1.7 Dodging
 * Level 4.2 Unarmed Combat
 - Level 1.7 Spellcasting
 - Level 2.6 Translocations


You had 5 spell levels left.
You knew the following spells:

 Your Spells              Type           Power        Failure   Level  Hunger
a - Apportation           Tloc           #.........   17%         1    ##.....


You were on level 2 of the Dungeon.
You were not hungry.

You visited 1 branch of the dungeon, and saw 3 of its levels.

You collected 76 gold pieces.

#.##.# #.###..##
#...(########.##....#
###........#.....##.# #
###.####...#.####.# #
#.>#####........# #
##...##..#####..#####
###.##..# ##...... #o#..##
#...... #@#..#######.####.
#<..###......####.
##....##.##..^.....
#...........#.#####
####....)...####.#
##....##.##..# #.# ####
##....###.##..####.##
##..###....###..##....##..##
###........#####.##..##.÷)...#

Notes
Turn   | Place    | Note
--------------------------------------------------------------
     0 | D:1      | ololoev the Ghoul Warper began the quest for the Orb.
     0 | D:1      | Reached XP level 1. HP: 17/17 MP: 2/2
    24 | D:1      | Reached skill level 1 in Armour
   274 | D:1      | Reached XP level 2. HP: 24/24 MP: 3/3
   463 | D:1      | Reached skill level 3 in Unarmed Combat
   773 | D:2      | Reached XP level 3. HP: 28/28 MP: 4/4
   971 | D:2      | Reached skill level 4 in Unarmed Combat
  1216 | D:2      | Reached XP level 4. HP: 24/36 MP: 5/5
  1446 | D:3      | Found a blossoming altar of Fedhas.
  1450 | D:3      | Found a white marble altar of Elyvilon.
  1474 | D:3      | Noticed Pikaro's ghost (weakling TeAE)
  1539 | D:2      | HP: 1/36 [orc/hand axe (7)]
  1545 | D:2      | Slain by an orc

Dungeon Overview and Level Annotations

Branches:
Dungeon (3/15)

Altars:
Elyvilon
Fedhas

Annotations:
D:3 Pikaro's ghost, weakling TeAE


Message History

The orc priest calls down the wrath of Beogh upon you.
Something smites you!
There is a stone staircase leading up here.
The orc hits you with a hand axe.
You climb upwards.
There is a stone staircase leading down here.
You scratch the orc.
The orc begins to bleed from its wounds!
The orc is lightly wounded.
The orc closely misses you.
You barely miss the orc. You claw the orc.
The orc is moderately wounded.
The orc hits you but does no damage.
You scratch the orc but do no damage.
The orc is moderately wounded.
The orc hits you with a hand axe.
You barely miss the orc.
The orc is moderately wounded.
The orc is no longer bleeding.
The orc barely misses you.
You barely miss the orc.
The orc is moderately wounded.
You scratch the orc but do no damage.
The orc is moderately wounded.
The orc barely misses you.
You completely miss the orc.
The orc is moderately wounded.
You scratch the orc but do no damage.
The orc is moderately wounded.
The orc barely misses you.
You scratch the orc.
The orc begins to bleed from its wounds!
The orc is severely wounded.
The orc hits you with a hand axe!
There is a stone staircase leading down here.
The orc is no longer bleeding.
You scratch the orc.
The orc begins to bleed from its wounds!
The orc is severely wounded.
The orc hits you with a hand axe.
You die...

You could see an orc (bleeding).

Vanquished Creatures
  4 adders
  A worm (D:2)
  2 giant cockroaches
  7 hobgoblins
  3 jackals
  2 bats
  2 giant geckos (D:1)
  2 giant newts (D:1)
  5 goblins
  2 kobolds (D:1)
  4 rats
34 creatures vanquished.

Action                   |  1- 3 |  4- 6 || total
-------------------------+-------+-------++-------
Melee: Unarmed           |   114 |    19 ||   133
  Use: Scroll            |       |     4 ||     4
  Eat: Chunk             |    15 |     1 ||    16

Vault maps used:
D:1:      scummos_arrival_simple_crosswalls, minmay_liquid_box
D:2:      first_bread, grunt_decor_one_mirror
D:3:      grunt_temple_overflow_open
